DBL
LOS ANGELES DODGERS @ ARIZONA DIAMONDBACKS
03/31/1997
 
TOP OF THE 1ST
Los Angeles Dodgers batting - Pitching for Arizona Diamondbacks : RHP Floyd Youmans
Pitching: RHP Floyd Youmans
Batting: RHB Brian L Hunter 0-0: Swinging Strike
0-1: Ball
1-1: Ball
2-1: Called Strike
2-2: Ball
3-2: Strikes out swinging
Batting: LHB Ryan Klesko 0-0: Called Strike
0-1: Ball
1-1: Foul Ball, location: 2F
1-2: Strikes out swinging
Batting: LHB Shawn Green 0-0: Ball
1-0: Foul Ball, location: 2F
1-1: Foul Ball, location: 2F
1-2: Foul Ball, location: 2F
1-2: Ground out 4-3 (Groundball, 4, EV 92.5 MPH)
Top of the 1st over - 0 runs, 0 hits, 0 errors, 0 left on base; Los Angeles 0 - Arizona 0
BOTTOM OF THE 1ST
Arizona Diamondbacks batting - Pitching for Los Angeles Dodgers : RHP Greg Maddux
Pitching: RHP Greg Maddux
Batting: LHB Delino DeShields 0-0: Bunted foul
0-1: Ball
1-1: Ground out 4-3 (Groundball, 4, EV 87.5 MPH)
Batting: LHB Tony Gwynn 0-0: Foul Ball, location: 2F
0-1: Ball
1-1: Swinging Strike
1-2: Ball
2-2: Strikes out looking
Batting: RHB Moises Alou 0-0: Ball
1-0: Called Strike
1-1: Called Strike
1-2: Ball
2-2: Ground out 4-3 (Groundball, 4, EV 83.8 MPH)
Bottom of the 1st over - 0 runs, 0 hits, 0 errors, 0 left on base; Los Angeles 0 - Arizona 0
TOP OF THE 2ND
Los Angeles Dodgers batting - Pitching for Arizona Diamondbacks : RHP Floyd Youmans
Batting: LHB Rafael Palmeiro 0-0: Ball
1-0: SOLO HOME RUN (Line Drive, 89XD, EV 99.4 MPH), Distance : 411 ft
Batting: RHB Chris Brown 0-0: Ball
1-0: Ball
2-0: Ball
3-0: Base on Balls
Batting: SHB Kevin Stocker 0-0: Swinging Strike
0-1: Called Strike
0-2: Strikes out looking
Batting: RHB Torii Hunter 0-0: Ball
1-0: Ball
2-0: Ball
3-0: Called Strike
3-1: Fly out, F5 (Line Drive, 5, EV 61.9 MPH)
Batting: RHB Homer Bush 0-0: Ball
1-0: Ball
2-0: Ball
3-0: Called Strike
3-1: Base on Balls
Chris Brown to second
Batting: SHB Jason Varitek 0-0: Ball
1-0: Ball
2-0: Ball
3-0: Called Strike
3-1: Called Strike
3-2: Strikes out swinging
Top of the 2nd over - 1 run, 1 hit, 0 errors, 2 left on base; Los Angeles 1 - Arizona 0
BOTTOM OF THE 2ND
Arizona Diamondbacks batting - Pitching for Los Angeles Dodgers : RHP Greg Maddux
Batting: RHB Bobby M Estalella 0-0: Called Strike
0-1: Swinging Strike
0-2: Foul Ball, location: 2F
0-2: Strikes out looking
Batting: LHB Mike Greenwell 0-0: Fly out, F6 (Popup, 6D, EV 50.6 MPH)
Batting: RHB Chad Curtis 0-0: Called Strike
0-1: Called Strike
0-2: Strikes out looking
Bottom of the 2nd over - 0 runs, 0 hits, 0 errors, 0 left on base; Los Angeles 1 - Arizona 0
TOP OF THE 3RD
Los Angeles Dodgers batting - Pitching for Arizona Diamondbacks : RHP Floyd Youmans
Batting: RHB Brian L Hunter 0-0: Foul Ball, location: 2F
0-1: Fly out, F8 (Flyball, 89D, EV 93.8 MPH)
Batting: LHB Ryan Klesko 0-0: Foul Ball, location: 2F
0-1: Called Strike
0-2: Ball
1-2: Ball
2-2: Ball
3-2: Fly out, F8 (Flyball, 8LD, EV 80.0 MPH)
Batting: LHB Shawn Green 0-0: Swinging Strike
0-1: Ball
1-1: Ball
2-1: Ball
3-1: Swinging Strike
3-2: Strikes out swinging
Top of the 3rd over - 0 runs, 0 hits, 0 errors, 0 left on base; Los Angeles 1 - Arizona 0
BOTTOM OF THE 3RD
Arizona Diamondbacks batting - Pitching for Los Angeles Dodgers : RHP Greg Maddux
Batting: LHB Mark Grace 0-0: Called Strike
0-1: Foul Ball, location: 2F
0-2: Ground out 4-3 (Groundball, 4, EV 88.1 MPH)
Batting: RHB Mike Bordick 0-0: Fly out, F6 (Line Drive, 6, EV 66.3 MPH)
Batting: LHB Robin Ventura 0-0: Foul Ball, location: 2F
0-1: Called Strike
0-2: Fly out, F8 (Flyball, 89D, EV 95.6 MPH)
Bottom of the 3rd over - 0 runs, 0 hits, 0 errors, 0 left on base; Los Angeles 1 - Arizona 0
TOP OF THE 4TH
Los Angeles Dodgers batting - Pitching for Arizona Diamondbacks : RHP Floyd Youmans
Batting: LHB Rafael Palmeiro 0-0: Ball
1-0: Fly out, F8 (Line Drive, 8LM, EV 96.9 MPH)
Batting: RHB Chris Brown 0-0: Ball
1-0: Called Strike
1-1: Foul Ball, location: 2F
1-2: Foul Ball, location: 2F
1-2: Strikes out swinging
Batting: SHB Kevin Stocker 0-0: Called Strike
0-1: Called Strike
0-2: Foul Ball, location: 2F
0-2: Ball
1-2: Strikes out swinging
Top of the 4th over - 0 runs, 0 hits, 0 errors, 0 left on base; Los Angeles 1 - Arizona 0
BOTTOM OF THE 4TH
Arizona Diamondbacks batting - Pitching for Los Angeles Dodgers : RHP Greg Maddux
Batting: LHB Delino DeShields 0-0: Called Strike
0-1: Ball
1-1: Called Strike
1-2: Foul Ball, location: 2F
1-2: Ground out 4-3 (Groundball, 4, EV 85.6 MPH)
Batting: LHB Tony Gwynn 0-0: Ball
1-0: Called Strike
1-1: Foul Ball, location: 2F
1-2: Foul Ball, location: 2F
1-2: Ball
2-2: Ground out 5-3 (Groundball, 5L, EV 75.6 MPH)
Batting: RHB Moises Alou 0-0: Ball
1-0: Ball
2-0: Ball
3-0: Called Strike
3-1: Called Strike
3-2: Base on Balls
Batting: RHB Bobby M Estalella 0-0: Ball
1-0: Foul Ball, location: 2F
1-1: Fly out, F9 (Flyball, 9S, EV 96.3 MPH)
Bottom of the 4th over - 0 runs, 0 hits, 0 errors, 1 left on base; Los Angeles 1 - Arizona 0
TOP OF THE 5TH
Los Angeles Dodgers batting - Pitching for Arizona Diamondbacks : RHP Floyd Youmans
Batting: RHB Torii Hunter 0-0: Ball
1-0: Ball
2-0: Called Strike
2-1: Ball
3-1: Foul Ball, location: 2F
3-2: Foul Ball, location: 2F
3-2: DOUBLE (Line Drive, 7LM, EV 105.6 MPH)
Batting: RHB Homer Bush 0-0: Ball
1-0: Ball
2-0: Bunt missed!
2-1: Bunted foul
2-2: Strikes out swinging
Batting: SHB Jason Varitek 0-0: Ball
1-0: Ball
2-0: Called Strike
2-1: Ball
3-1: Called Strike
3-2: Fly out, F3 (Popup, 3, EV 60.6 MPH)
Batting: RHB Brian L Hunter 0-0: Called Strike
0-1: Swinging Strike
0-2: Ball
1-2: Foul Ball, location: 2F
1-2: Ball
Wild Pitch!
Torii Hunter to third
2-2: Ground out 6-3 (Groundball, 56, EV 78.8 MPH)
Top of the 5th over - 0 runs, 1 hit, 0 errors, 1 left on base; Los Angeles 1 - Arizona 0
BOTTOM OF THE 5TH
Arizona Diamondbacks batting - Pitching for Los Angeles Dodgers : RHP Greg Maddux
Batting: LHB Mike Greenwell 0-0: Ball
1-0: Foul Ball, location: 2F
1-1: Fly out, F7 (Flyball, 7S, EV 89.4 MPH)
Batting: RHB Chad Curtis 0-0: Swinging Strike
0-1: Fly out, F8 (Flyball, 8RS, EV 75.6 MPH)
Batting: LHB Mark Grace 0-0: Ball
1-0: Ball
2-0: Called Strike
2-1: Ball
3-1: Fly out, F8 (Flyball, 8RD, EV 93.1 MPH)
Bottom of the 5th over - 0 runs, 0 hits, 0 errors, 0 left on base; Los Angeles 1 - Arizona 0
TOP OF THE 6TH
Los Angeles Dodgers batting - Pitching for Arizona Diamondbacks : RHP Floyd Youmans
Batting: LHB Ryan Klesko 0-0: Called Strike
0-1: Swinging Strike
0-2: Ball
1-2: Fly out, F9 (Line Drive, 9D, EV 88.1 MPH)
Batting: LHB Shawn Green 0-0: Ball
1-0: Foul Ball, location: 2F
1-1: Ball
2-1: Ball
3-1: Fly out, F9 (Line Drive, 9D, EV 90.6 MPH)
Batting: LHB Rafael Palmeiro 0-0: Called Strike
0-1: Ball
1-1: Fly out, F8 (Flyball, 8LD, EV 101.9 MPH)
Top of the 6th over - 0 runs, 0 hits, 0 errors, 0 left on base; Los Angeles 1 - Arizona 0
BOTTOM OF THE 6TH
Arizona Diamondbacks batting - Pitching for Los Angeles Dodgers : RHP Greg Maddux
Batting: RHB Mike Bordick 0-0: Ball
1-0: Foul Ball, location: 2F
1-1: Foul Ball, location: 2F
1-2: Fly out, F8 (Line Drive, 8RD, EV 104.4 MPH)
Batting: LHB Robin Ventura 0-0: Fly out, F7 (Flyball, 7S, EV 77.5 MPH)
Batting: LHB Delino DeShields 0-0: SINGLE (Line Drive, 8LS, EV 109.4 MPH)
Batting: LHB Tony Gwynn 0-0: Called Strike
0-1: Ball
1-1: Ground out 4-3 (Groundball, 4, EV 81.9 MPH)
Bottom of the 6th over - 0 runs, 1 hit, 0 errors, 1 left on base; Los Angeles 1 - Arizona 0
TOP OF THE 7TH
Los Angeles Dodgers batting - Pitching for Arizona Diamondbacks : RHP Floyd Youmans
Pitching: RHP Marvin Freeman
Batting: RHB Chris Brown 0-0: Called Strike
0-1: Hit by Pitch
Batting: SHB Kevin Stocker 0-0: Bunt missed!
0-1: Sac Bunt to 13S - play at first, batter OUT! 1-4
Chris Brown to second
Batting: RHB Torii Hunter 0-0: Ball
1-0: Ball
2-0: Fly out, F6 (Popup, 6, EV 73.1 MPH)
Batting: RHB Homer Bush 0-0: Called Strike
0-1: SINGLE (Groundball, 4MD, EV 95.0 MPH)
Chris Brown to third
Runner from 3rd tries for Home, SAFE, throw by CF to home
Batting: SHB Jason Varitek 0-0: Called Strike
Homer Bush steals 2nd base
0-1: Swinging Strike
0-2: Strikes out looking
Top of the 7th over - 1 run, 1 hit, 0 errors, 1 left on base; Los Angeles 2 - Arizona 0
BOTTOM OF THE 7TH
Arizona Diamondbacks batting - Pitching for Los Angeles Dodgers : RHP Greg Maddux
Batting: RHB Moises Alou 0-0: Foul Ball, location: 2F
0-1: SINGLE (Groundball, 4MD, EV 95.6 MPH)
Batting: RHB Bobby M Estalella 0-0: Foul Ball, location: 2F
0-1: Ball
1-1: Grounds into double play, 4-6-3 (Groundball, 4M, EV 80.0 MPH)
Batting: LHB Mike Greenwell 0-0: Ball
1-0: Foul Ball, location: 2F
1-1: Ball
2-1: SINGLE (Flyball, 78S, EV 88.1 MPH)
Batting: RHB Chad Curtis 0-0: Ball
1-0: Ground out 1-3 (Groundball, 13S, EV 70.6 MPH)
Bottom of the 7th over - 0 runs, 2 hits, 0 errors, 1 left on base; Los Angeles 2 - Arizona 0
TOP OF THE 8TH
Los Angeles Dodgers batting - Pitching for Arizona Diamondbacks : RHP Marvin Freeman
Batting: RHB Brian L Hunter 0-0: Ground out 6-3 (Groundball, 56, EV 87.5 MPH)
Batting: LHB Ryan Klesko 0-0: Ball
1-0: Ball
2-0: Called Strike
2-1: Ball
3-1: Fly out, F8 (Flyball, 8LS, EV 89.4 MPH)
Batting: LHB Shawn Green 0-0: Ball
1-0: Ball
2-0: Foul Ball, location: 2F
2-1: Ground out 6-3 (Groundball, 4MS, EV 85.6 MPH)
Top of the 8th over - 0 runs, 0 hits, 0 errors, 0 left on base; Los Angeles 2 - Arizona 0
BOTTOM OF THE 8TH
Arizona Diamondbacks batting - Pitching for Los Angeles Dodgers : RHP Greg Maddux
Now at 3B: Joe Randa
Batting: LHB Mark Grace 0-0: Ball
1-0: Ball
2-0: Ball
3-0: Called Strike
3-1: Foul Ball, location: 2F
3-2: Base on Balls
Batting: RHB Mike Bordick 0-0: Called Strike
0-1: Foul Ball, location: 2F
0-2: Strikes out looking
Batting: LHB Robin Ventura 0-0: Ball
1-0: Ball
2-0: Called Strike
2-1: Fielders Choice at 2nd, 3-6 (Groundball, 3, EV 80.6 MPH)
Batting: LHB Delino DeShields 0-0: Foul Ball, location: 2F
0-1: Ball
1-1: Foul Ball, location: 2F
1-2: Foul Ball, location: 2F
1-2: Ball
2-2: Ground out 4-3 (Groundball, 4, EV 81.3 MPH)
Bottom of the 8th over - 0 runs, 0 hits, 0 errors, 1 left on base; Los Angeles 2 - Arizona 0
TOP OF THE 9TH
Los Angeles Dodgers batting - Pitching for Arizona Diamondbacks : RHP Marvin Freeman
Batting: RHB Joe Randa 0-0: Ball
1-0: Called Strike
1-1: Ground out 2-3 (Groundball, 15S, EV 65.6 MPH)
Batting: RHB Chris Brown 0-0: Ball
1-0: Ground out 6-3 (Groundball, 6, EV 99.4 MPH)
Batting: SHB Kevin Stocker 0-0: Ball
1-0: Swinging Strike
1-1: Ball
2-1: Ground out 4-3 (Groundball, 4, EV 86.9 MPH)
Top of the 9th over - 0 runs, 0 hits, 0 errors, 0 left on base; Los Angeles 2 - Arizona 0
BOTTOM OF THE 9TH
Arizona Diamondbacks batting - Pitching for Los Angeles Dodgers : RHP Greg Maddux
Batting: LHB Tony Gwynn 0-0: Ground out 5-3 (Groundball, 56, EV 85.0 MPH)
Batting: RHB Moises Alou 0-0: Ball
1-0: SINGLE (Line Drive, 9LS, EV 100.0 MPH)
Batting: RHB Bobby M Estalella 0-0: Foul Ball, location: 2F
0-1: Ball
1-1: Swinging Strike
1-2: Ball
2-2: 2-RUN HOME RUN (Flyball, 9D, EV 93.1 MPH), Distance : 378 ft
Pitching: LHP John Franco
Batting: LHB Mike Greenwell 0-0: Called Strike
0-1: Called Strike
0-2: Fly out, F6 (Popup, 6MD, EV 62.5 MPH)
Batting: RHB Chad Curtis 0-0: Called Strike
0-1: Foul Ball, location: 2F
0-2: Strikes out swinging
Bottom of the 9th over - 2 runs, 2 hits, 0 errors, 0 left on base; Los Angeles 2 - Arizona 2
TOP OF THE 10TH
Los Angeles Dodgers batting - Pitching for Arizona Diamondbacks : RHP Marvin Freeman
Batting: RHB Torii Hunter 0-0: Ball
1-0: Called Strike
1-1: Foul Ball, location: 2F
1-2: Foul Ball, location: 2F
1-2: Strikes out swinging
Batting: RHB Homer Bush 0-0: Ball
1-0: Foul Ball, location: 2F
1-1: TRIPLE (Flyball, 8RXD, EV 87.5 MPH)
Batting: SHB Jason Varitek 0-0: Ball
1-0: Foul Ball, location: 2F
1-1: Swinging Strike
1-2: Foul Ball, location: 2F
1-2: Foul Ball, location: 2F
1-2: Foul Ball, location: 2F
1-2: Foul Ball, location: 2F
1-2: Ball
2-2: Fly out, F7 (Flyball, 78M, EV 93.1 MPH)
Runner from 3rd tags up, SCORES, throw by LF
Batting: RHB Brian L Hunter 0-0: Swinging Strike
0-1: Ball
1-1: SINGLE (Line Drive, 9S, EV 105.6 MPH)
Batting: LHB Ryan Klesko 0-0: Ball
1-0: Fly out, F2 (Popup, 15S, EV 88.8 MPH)
Top of the 10th over - 1 run, 2 hits, 0 errors, 1 left on base; Los Angeles 3 - Arizona 2
BOTTOM OF THE 10TH
Arizona Diamondbacks batting - Pitching for Los Angeles Dodgers : LHP John Franco
Batting: LHB Mark Grace 0-0: Called Strike
0-1: Ball
1-1: Ball
2-1: Ground out 6-3 (Groundball, 6M, EV 102.5 MPH)
Batting: RHB Mike Bordick 0-0: Ground out 4-3 (Groundball, 4, EV 91.9 MPH)
Pinch Hitting: SHB Bret Barberie 0-0: Ball
1-0: Called Strike
1-1: Foul Ball, location: 2F
1-2: Ball
2-2: Fly out, F8 (Flyball, 8LXD, EV 94.4 MPH)
Bottom of the 10th over - 0 runs, 0 hits, 0 errors, 0 left on base; Los Angeles 3 - Arizona 2
Tuesday, January 20th, 2026 - OOTP Baseball 20.8 Build 74